Cogmind - Beta 15 @@@ ROGUE MODE // 2025.05.03 @ 15:36:41 Player: Some Pennies Result: Core destroyed Performance ------------- Evolutions (3) 1500 Regions Visited (9) 1800 Robots Destroyed (156) 780 Value Destroyed (5785) 5785 Prototype IDs (35) 700 Alien Tech Used (0) 0 Bonus (1378) 1378 TOTAL SCORE: 11943 Bonus ------- High Alert Combat Kills 545 Follower Combat Kills 33 Entered Garrisons 200 Aligned with FarCom 300 Acquired ECA 300 Cogmind --------- Core Integrity 0/700 Matter 300/300 Energy 121/300 System Corruption 13% Temperature Critical (518) Movement Treading (330) Ox2 Location -7/Lower Caves Parts ------- > --- POWER (2) -------- Enhanced Nuclear Core > --- PROPULSION (4) --- Armored Treads Armored Treads Armored Treads Armored Treads > --- UTILITY (4) ------ Huge Storage Unit Improved Medium Armor Plating > --- WEAPON (3) ------- Wave Gun Plasma Cannon Heavy Plasma Cannon > --- INVENTORY (25) --- Cargo Storage Unit Encrypted Comm Array Hardened Medium Armor Plating Hardened Heavy Armor Plating Authchip [R/NC] Authchip [Propulsion] Authchip [Processor] Trap Extractor (4/4 EM Surge) Heavy Ion Cannon XL Autogun Array Improved Datajack Peak State ------------ > --- POWER ------------ Enhanced Nuclear Core Enhanced Nuclear Core > --- PROPULSION ------- Armored Treads Advanced Treads Armored Huge Wheel > --- UTILITY ---------- Improved Heat Sink Huge Storage Unit Core Analyzer Hardened Medium Armor Plating > --- WEAPON ----------- Cooled Pulse Rifle Heavy Particle Cannon Improved Assault Rifle > --- INVENTORY -------- Enhanced Nuclear Core Armored Treads Armored Treads Armored Treads Armored Treads Improved Heat Sink Cargo Storage Unit Hardened Medium Armor Plating Hardened Medium Armor Plating Improved Medium Armor Plating Authchip [R/NC] Authchip [Propulsion] Authchip [Processor] Trap Extractor Plasma Cannon Heavy Ion Cannon Heavy Ion Cannon Autogun XL Autogun Array Grenade Launcher Improved Datajack [Rating: 56] Favorites ----------- Power Light Ion Engine Engine Light Ion Engine Power Core Nuclear Core Propulsion Light Treads Treads Light Treads Leg Aluminum Leg Wheel Compact Wheel Hover Unit Aerolev Unit Utility Humpback Device Improved Heat Sink Storage Humpback Processor Core Analyzer Hackware Hacking Suite Protection Hardened Medium Armor Plating Weapon Heavy EM Shotgun Energy Gun Heavy EM Shotgun Energy Cannon Heavy Particle Cannon Ballistic Gun Assault Rifle Launcher Grenade Launcher Special Melee Weapon Datajack Build | -11 -10 -10 -10 -9 -8 -8 -7 -7 -7 ------- Run | Yrd Mat Min Exi Min Mat Gar Fac Low Low Slots Evolved 6 | . . . . . 4 . 2 . . Power 1 | . . . . . . . 1 . . Propulsion 2 | . . . . . 2 . . . . Utility 2 | . . . . . 1 . 1 . . Weapon 1 | . . . . . 1 . . . . Parts Attached 99 | 7 3 7 4 . 25 11 30 2 10 Power 13 | 1 . 2 1 . 2 . 7 . . Engine 4 | 1 . 1 1 . . . 1 . . Core 9 | . . 1 . . 2 . 6 . . Reactor . | . . . . . . . . . . Propulsion 33 | 2 . 2 1 . 13 5 6 . 4 Treads 23 | 2 . 2 1 . 5 5 4 . 4 Leg 2 | . . . . . 2 . . . . Wheel 7 | . . . . . 5 . 2 . . Hover 1 | . . . . . 1 . . . . Flight . | . . . . . . . . . . Utility 24 | 2 2 1 1 . 4 3 7 1 3 Device 9 | 1 . 1 . . 3 2 2 . . Storage 6 | 1 2 . 1 . . . 2 . . Processor 2 | . . . . . 1 . 1 . . Hackware 1 | . . . . . . 1 . . . Protection 6 | . . . . . . . 2 1 3 Artifact . | . . . . . . . . . . Weapon 29 | 2 1 2 1 . 6 3 10 1 3 Energy Gun 13 | . 1 1 . . 5 1 4 . 1 Energy Cannon 6 | . . . . . . 2 2 . 2 Ballistic Gun 7 | 2 . 1 . . . . 3 1 . Ballistic Cannon . | . . . . . . . . . . Launcher 2 | . . . . . 1 . 1 . . Special Weapon . | . . . . . . . . . . Impact Weapon . | . . . . . . . . . . Slashing Weapon . | . . . . . . . . . . Piercing Weapon . | . . . . . . . . . . Special Melee Weapon 1 | . . . 1 . . . . . . Unidentified Prototypes 6 | . . . . . 2 . 4 . . Corrupted Parts 1 | . . . . . . 1 . . . System Corruption 1 | . . . . . . 1 . . . Parts Lost 18 | . . 4 . . . 2 2 . 10 Power 3 | . . 2 . . . . . . 1 Propulsion 4 | . . 2 . . . . . . 2 Utility 4 | . . . . . . . . . 4 Weapon 7 | . . . . . . 2 2 . 3 Highest Loss Streak 9 | . . 2 . . . 1 2 . 9 To Critical Strikes 1 | . . . . . . . . . 1 Average Backups 22 | 5 16 19 19 20 28 29 23 19 19 Power 1 | . 1 1 . . 2 2 1 . . Propulsion 2 | 1 3 3 . . 4 5 4 4 3 Utility 12 | 1 7 11 14 15 14 15 11 9 8 Weapon 4 | 1 3 3 4 4 5 5 5 4 4 Tool/Special . | . . . . . . . . . . Unused Backups 41 | 1 4 1 5 1 5 4 12 . 8 Power 2 | . . . . . 1 . 1 . . Propulsion 7 | . 2 1 1 1 1 . 1 . . Utility 25 | . 2 . 2 . 3 4 9 . 5 Weapon 3 | 1 . . . . . . 1 . 1 Tool/Special 4 | . . . 2 . . . . . 2 Average Slot Usage (%) 89 | . 100 99 87 85 88 89 87 91 83 Engine 7 | . 14 6 14 14 . . 2 . . Core 5 | . . 7 . . 8 9 11 15 12 Treads 24 | . 28 28 28 28 18 29 17 15 13 Wheel 4 | . . . . . 14 6 5 7 5 Device 6 | . 14 14 2 . 7 6 10 7 5 Storage 11 | . 14 14 13 14 9 9 7 7 7 Energy Gun 14 | . 12 11 11 14 25 20 8 . 1 Energy Cannon 1 | . . . . . . 5 6 7 7 Ballistic Gun 9 | . 15 16 14 14 1 . 7 14 12 Peak Build Rating 56 | 8 9 14 19 18 35 35 56 56 56 Average Rating 26 | 6 8 12 17 18 31 33 48 54 51 On Entrance 24 | . 7 9 14 18 18 34 34 54 56 Naked Turns . | . . . . . . . . . . Heaviest Build 230 | 14 50 51 210 210 220 225 230 120 125 Greatest Support 80 | 40 40 40 40 40 60 80 80 28 60 Greatest Overweight (x) 21 | . 1 1 5 5 21 8 6 4 4 Average Overweight (x) 3 | . . 1 3 5 6 4 4 4 3 Largest Inventory Capacity 35 | 8 20 20 35 35 35 35 35 25 25 Average Capacity 29 | 7 17 20 32 35 35 35 28 25 25 Most Carried 35 | 8 20 20 25 25 35 35 34 25 25 Average Carried 25 | 5 16 19 23 24 32 34 27 24 24 Final Capacity 35 | 8 20 20 35 35 35 35 25 25 25 Final Carried 35 | 7 20 20 24 24 35 35 25 25 16 Class Distribution -------------------- 37% | Hauler-Skirmisher 31% | Hauler-Mutant 15% | Mutant 5% | Scavenger-Mutant 4% | Skirmisher 4% | Gunner Dominant Class ---------------- Mutant | -10/Materials Mutant | -10/Mines Hauler-Mutant | -10/Exiles Hauler-Mutant | -9/Mines Hauler-Skirmisher | -8/Materials Hauler-Skirmisher | -8/Garrison Hauler-Skirmisher | -7/Factory Gunner | -7/Lower Caves Gunner | -7/Lower Caves Resources | -11 -10 -10 -10 -9 -8 -8 -7 -7 -7 ----------- Run | Yrd Mat Min Exi Min Mat Gar Fac Low Low Matter Collected 3352 | 342 320 132 70 33 634 240 859 404 318 Remotely . | . . . . . . . . . . Salvage Created 6356 | 259 414 117 . 99 1758 838 1894 399 578 Parts 343 | 27 25 8 . 10 91 49 100 14 19 Haulers Intercepted 6 | . 2 . . . 3 . 1 . . Recyclers Shooed 8 | 1 2 1 . . 1 . 3 . . Parts Field Recycled . | . . . . . . . . . . Retrieved Matter . | . . . . . . . . . . Parts Self-Destructed 29 | . . . . . . . . 13 16 Prevented 2 | . . . . . . . . . 2 Kills | -11 -10 -10 -10 -9 -8 -8 -7 -7 -7 ------- Run | Yrd Mat Min Exi Min Mat Gar Fac Low Low Combat Hostiles Destroyed 115 | . 8 4 . 4 29 17 34 7 12 Melee 1 | . . . . . . . . . 1 Guns 70 | . 8 4 . 4 15 9 19 4 7 Cannons 12 | . . . . . . 1 4 3 4 AOE 25 | . . . . . 11 4 10 . . Classes Destroyed 16 | 3 4 1 . . 4 2 2 . . Worker 8 | 1 1 . . . 3 . 3 . . Builder 1 | . . . . . . . 1 . . Tunneler 11 | 8 . 1 . 1 1 . . . . Hauler 6 | . 2 . . . 3 . 1 . . Recycler 7 | 1 1 . . . 2 . 3 . . Mechanic 1 | . . . . . 1 . . . . Operator 4 | . . . . . 2 . 2 . . Watcher 5 | . 2 . . . . . 3 . . Swarmer 32 | . 6 . . 4 7 3 11 . 1 Grunt 47 | . 2 2 . . 15 4 13 3 8 Brawler 5 | . . . . . . . 1 3 1 Duelist 2 | . . . . . 1 . . . 1 Sentry 17 | . . . . . 6 4 5 1 1 Hunter 3 | . . . . . . 3 . . . Programmer 7 | . . . . . . 3 4 . . Assembled 2 | . . 2 . . . . . . . Best Kill Streak 7 | 5 4 2 . 4 6 4 7 4 6 Combat Bots Only 6 | . 3 2 . 4 4 4 4 4 6 Max Kills in Single Turn 3 | 1 1 1 . 1 3 1 2 1 1 Gunslinging . | . . . . . . . . . . Exploded 3 | . . . . . 3 1 2 . . Melee 1 | . . . . . . . . . 1 Uniques/NPCs Destroyed . | . . . . . . . . . . Combat | -11 -10 -10 -10 -9 -8 -8 -7 -7 -7 -------- Run | Yrd Mat Min Exi Min Mat Gar Fac Low Low Hostile Shots Fired 613 | . 43 29 . 11 65 79 260 17 109 Missed 183 | . 10 6 . 4 23 24 92 9 15 Hits 430 | . 33 23 . 7 42 55 168 8 94 Melee 15 | . . . . . 1 . . 4 10 Projectile 415 | . 33 23 . 7 41 55 168 4 84 Critical Strikes 18 | . . . . . . 5 4 . 9 Part Disruptions 1 | . . . . . . 1 . . . Damage Taken 6528 | . 305 343 . 54 654 841 1931 179 2221 Core 1082 | . . 68 . . 67 132 198 10 607 Absorbed by Shields . | . . . . . . . . . . Regen/Repaired (Parts) 78 | . . . . . 78 . . . . Core Remaining (%) 78 | 100 . . . 72 . 63 . . . Volleys Fired 426 | 29 48 19 . 11 61 73 123 18 44 Largest 3 | 2 2 2 . 2 3 3 3 3 3 Hottest 225 | 40 70 70 . 95 150 225 225 111 146 Shots Fired 987 | 58 96 35 . 20 171 148 296 53 110 Gun 831 | 58 96 35 . 20 165 144 199 35 79 Cannon 140 | . . . . . . 2 91 18 29 Launcher 16 | . . . . . 6 2 6 . 2 Special . | . . . . . . . . . . Kinetic 394 | 58 61 26 . 11 18 15 107 35 63 Thermal 327 | . 35 9 . 9 32 43 136 18 45 Explosive 16 | . . . . . 6 2 6 . 2 Electromagnetic 250 | . . . . . 115 88 47 . . Robot Hit Streak 13 | 7 9 8 . 4 11 13 13 8 7 Robot Miss Streak 5 | 3 4 4 . 2 5 4 5 2 4 Penetration Max . | . . . . . . . . . . Secondary Targets 5 | . 1 1 . . 1 1 . . 1 Max Gunslinging Chain 1 | . 1 1 . . 1 1 . . 1 Shots Hit Robots 594 | 39 62 18 1 12 125 86 149 33 69 Core Hits 294 | 13 21 10 . 5 77 37 77 15 39 Critical Kills 1 | . . . . . . . 1 . . Critical Parts Destroyed . | . . . . . . . . . . Critical Strikes 11 | . 3 . . . 1 4 3 . . Burn 9 | . 3 . . . 1 4 1 . . Destroy 1 | . . . . . . . 1 . . Corrupt 1 | . . . . . . . 1 . . Melee Attacks 1 | . . . 1 . . . . . . Impact . | . . . . . . . . . . Slashing . | . . . . . . . . . . Piercing . | . . . . . . . . . . Sneak Attacks 1 | . . . 1 . . . . . . Combat Hostiles . | . . . . . . . . . . Follow-up Attacks . | . . . . . . . . . . Damage Inflicted 13555 | 403 742 226 . 208 3247 2050 4233 616 1830 Guns 8723 | 403 737 226 . 208 2300 1628 1871 294 1056 Cannons 2032 | . . . . . . 25 1201 322 484 Explosions 2786 | . . . . . 947 397 1161 . 281 Melee . | . . . . . . . . . . Ramming 14 | . 5 . . . . . . . 9 Kinetic 3102 | 403 387 139 . 100 149 163 673 294 794 Thermal 5864 | . 350 87 . 108 817 990 2444 322 746 Explosive 1434 | . . . . . 483 118 552 . 281 Electromagnetic 3141 | . . . . . 1798 779 564 . . Impact . | . . . . . . . . . . Slashing . | . . . . . . . . . . Piercing . | . . . . . . . . . . Highest Corruption 13 | . . . . . . 5 8 6 13 Average Corruption 5 | . . . . . . 4 6 6 7 Corruption Purged 4 | . . . . . . . 4 . . Corruption Blocked . | . . . . . . . . . . Effects 73 | . . . . . . 14 30 16 13 Message Errors 21 | . . . . . . 5 9 4 3 Matter Fused 23 | . . . . . . 5 13 4 1 Heat Flow Errors 6 | . . . . . . 1 1 2 2 Energy Discharges 8 | . . . . . . 2 2 1 3 Data Loss (minor) 5 | . . . . . . 1 2 1 1 Data Loss (major) 3 | . . . . . . . . 2 1 Misfires 2 | . . . . . . . 2 . . Alerts 1 | . . . . . . . . 1 . Weapon Failures 4 | . . . . . . . 1 1 2 Overload Shots . | . . . . . . . . . . Overflow Damage 155 | . . . . . 32 2 112 . 9 Projectiles 9 | . . . . . . . . . 9 Explosions 146 | . . . . . 32 2 112 . . Melee . | . . . . . . . . . . Knockbacks . | . . . . . . . . . . Impact . | . . . . . . . . . . Kinetic . | . . . . . . . . . . Secondary . | . . . . . . . . . . Self-Inflicted Damage 257 | . . . . . 84 42 62 . 69 Shots 10 | . . . . . 4 2 2 . 2 Rammed 2 | . 1 . . . . . . . 1 Targets Rammed 3 | . 1 . . . . . . . 2 Kicked . | . . . . . . . . . . Crushed 1 | . . . . . . . . . 1 Highest Temperature 1028 | . 72 65 . 99 250 199 302 249 1028 Average Temperature 102 | . 19 34 . 50 69 52 65 116 341 Received Heat Transfer 1743 | . 57 78 . . 198 153 450 24 783 Effects 39 | . . . . . . . 2 1 36 Shutdowns 6 | . . . . . . . . . 6 Energy Bleed 10 | . . . . . . . 2 1 7 Interference 3 | . . . . . . . . . 3 Matter Decay 1 | . . . . . . . . . 1 Short Circuit 5 | . . . . . . . . . 5 Damage (minor) 4 | . . . . . . . . . 4 Damage (major) 7 | . . . . . . . . . 7 Damage (core) 3 | . . . . . . . . . 3 Siege Activations . | . . . . . . . . . . Martial Activations . | . . . . . . . . . . Shielding Activations . | . . . . . . . . . . Robots Disrupted . | . . . . . . . . . . Combat Hostiles . | . . . . . . . . . . Robots Corrupted 7 | . . . . . 4 3 . . . Combat Hostiles 6 | . . . . . 3 3 . . . Parts Fried 26 | . . . . . 18 7 1 . . Impact Corruptions . | . . . . . . . . . . Robots Melted 1 | . . . . . . . 1 . . Combat Hostiles 1 | . . . . . . . 1 . . Parts Melted 11 | . 3 . . . . 4 4 . . Heat Transferred 9233 | . 1258 259 . 185 1238 1793 3225 444 831 Parts Sabotaged . | . . . . . . . . . . Parts Stolen . | . . . . . . . . . . Parts Stripped . | . . . . . . . . . . Power Chain Reactions 14 | . . . . . 6 6 2 . . Alert | -11 -10 -10 -10 -9 -8 -8 -7 -7 -7 ------- Run | Yrd Mat Min Exi Min Mat Gar Fac Low Low Maximum Alert Level 3 | . . . . . 1 3 3 . . Low Security (%) 58 | 100 100 100 . 100 87 . . . . Level 1 11 | . . . . . 12 41 2 . . Level 2 18 | . . . . . . 22 70 . . Level 3 11 | . . . . . . 36 27 . . Level 4 . | . . . . . . . . . . Level 5 . | . . . . . . . . . . High Security . | . . . . . . . . . . Max Security . | . . . . . . . . . . Peak Influence 1003 | 10 103 40 . 80 335 967 1003 . . Initial 507 | . . . . . . 209 507 . . Average 252 | 2 17 2 . 18 97 548 610 . . Influence Increases 3808 | 50 263 55 . 95 956 858 1121 150 260 Destroy 0b10 Robot/C 2280 | . 160 40 . 80 580 360 680 140 240 Destroy 0b10 Robot/NC 225 | 50 30 5 . 5 60 10 65 . . Destroy Leader 392 | . 38 10 . 10 126 20 158 10 20 Allied During Kill 8 | . . . . . . 8 . . . Successful Hack 69 | . 20 . . . 35 14 . . . Disable Machine 225 | . . . . . 60 75 90 . . Anti-Garrison Action 300 | . . . . . . 300 . . . Destroy Structure 189 | . . . . . 50 71 68 . . Partial Spotted 15 | . . . . . . . 15 . . Lose Combat Pursuer 105 | . 15 . . . 45 . 45 . . Influence Decreases 3355 | 50 263 55 . 95 633 214 1090 600 355 Entered New Map 1049 | . . . . . . 114 460 370 105 Time Decay 2057 | 50 263 55 . 95 604 . 610 230 150 Lost Part 140 | . . . . . . 20 20 . 100 Lost Ally 80 | . . . . . . 80 . . . Purge Threat 29 | . . . . . 29 . . . . Squads Dispatched 17 | . . . . . 3 . 13 . 1 Investigation 2 | . . . . . 1 . 1 . . Extermination 4 | . . . . . . . 4 . . Reinforcement 6 | . . . . . 2 . 4 . . Assault 2 | . . . . . . . 1 . 1 Garrison 3 | . . . . . . . 3 . . Intercept . | . . . . . . . . . . Searches Triggered . | . . . . . . . . . . Construction Impeded 1 | . . . . . . . 1 . . Haulers Reinforced 1 | . . . . . . . 1 . . Active Scanning Responses . | . . . . . . . . . . Cargo Convoy Interrupts . | . . . . . . . . . . Stealth | -11 -10 -10 -10 -9 -8 -8 -7 -7 -7 --------- Run | Yrd Mat Min Exi Min Mat Gar Fac Low Low Distress Signals 6 | . 2 . . . 2 . 2 . . Communications Jammed . | . . . . . . . . . . Distress Signals . | . . . . . . . . . . Times Spotted 147 | . 16 4 . 4 40 18 46 7 12 Peak Tracking Total 6 | . 4 2 . 3 5 4 6 4 5 Tactical Retreats 5 | . 1 . . . 2 . 2 . . Traps | -11 -10 -10 -10 -9 -8 -8 -7 -7 -7 ------- Run | Yrd Mat Min Exi Min Mat Gar Fac Low Low Traps Triggered 12 | . . 1 . . 1 6 4 . . Indirectly . | . . . . . . . . . . Trap Hack Attempts . | . . . . . . . . . . Triggered . | . . . . . . . . . . Disarmed . | . . . . . . . . . . Reprogrammed . | . . . . . . . . . . Reused . | . . . . . . . . . . Traps Extracted . | . . . . . . . . . . Installed . | . . . . . . . . . . Triggered . | . . . . . . . . . . Most Traps Carried 4 | . . . . . . 4 4 4 4 Machines | -11 -10 -10 -10 -9 -8 -8 -7 -7 -7 ---------- Run | Yrd Mat Min Exi Min Mat Gar Fac Low Low Machines Disabled 20 | . . . . . 4 10 6 . . Max in Single Turn 4 | . . . . . 1 2 4 . . Garrison Relay 3 | . . . . . . 3 . . . Phase Generator 1 | . . . . . . 1 . . . Machines Repaired . | . . . . . . . . . . Machines Dismantled . | . . . . . . . . . . Machines Sabotaged . | . . . . . . . . . . Overloaded Fab Kills . | . . . . . . . . . . Hacking | -11 -10 -10 -10 -9 -8 -8 -7 -7 -7 --------- Run | Yrd Mat Min Exi Min Mat Gar Fac Low Low Machines Accessed 24 | . 9 1 3 . 8 1 2 . . Terminals 15 | . 8 . . . 5 1 1 . . Fabricators . | . . . . . . . . . . Repair Stations 2 | . . . . . 1 . 1 . . Recycling Units 1 | . 1 . . . . . . . . Scanalyzers 1 | . . . . . 1 . . . . Garrison Access 1 | . . . . . 1 . . . . Total Hacks 73 | . 34 1 11 . 22 2 3 . . Successful 48 | . 17 1 11 . 18 1 . . . Failed 24 | . 16 . . . 4 1 3 . . Catastrophic 3 | . 2 . . . . . 1 . . Database Lockouts 1 | . 1 . . . . . . . . Manual 38 | . 22 . 1 . 13 . 2 . . Terminals 51 | . 30 . . . 17 2 2 . . Fabricators . | . . . . . . . . . . Repair Stations 3 | . . . . . 2 . 1 . . Recycling Units 4 | . 4 . . . . . . . . Scanalyzers 2 | . . . . . 2 . . . . Garrison Access 1 | . . . . . 1 . . . . Terminal Hacks 24 | . 6 1 11 . 5 1 . . . Record 10 | . . . 10 . . . . . . Robot Schematic 1 | . 1 . . . . . . . . Prototype ID Bank 2 | . 2 . . . . . . . . Open Door 1 | . . 1 . . . . . . . Branch Access Points 1 | . . . . . 1 . . . . Unreport Threat 1 | . . . . . 1 . . . . Locate Traps 3 | . 2 . . . 1 . . . . Recall Reinforcements 1 | . . . . . 1 . . . . Zone Layout 2 | . 1 . . . 1 . . . . Garrison Registry 1 | . . . . . . 1 . . . Proto ID Catalog 1 | . . . 1 . . . . . . Fabricator Hacks . | . . . . . . . . . . Repair Station Hacks 2 | . . . . . 2 . . . . Scan Component 1 | . . . . . 1 . . . . Repair 1 | . . . . . 1 . . . . Recycling Unit Hacks 1 | . 1 . . . . . . . . Retrieve Components 1 | . 1 . . . . . . . . Scanalyzer 2 | . . . . . 2 . . . . Insert Component 1 | . . . . . 1 . . . . Analyze 1 | . . . . . 1 . . . . Garrison Access Hacks 1 | . . . . . 1 . . . . Unlock Access 1 | . . . . . 1 . . . . Unauthorized Hacks 18 | . 10 . . . 8 . . . . Terminals 16 | . 8 . . . 8 . . . . Assimilate 1 | . . . . . 1 . . . . Botnet 3 | . 2 . . . 1 . . . . Operators 2 | . 1 . . . 1 . . . . Skim 10 | . 5 . . . 5 . . . . Fabricators . | . . . . . . . . . . Repair Stations . | . . . . . . . . . . Recycling Units 2 | . 2 . . . . . . . . Reject 1 | . 1 . . . . . . . . Mask 1 | . 1 . . . . . . . . Scanalyzers . | . . . . . . . . . . Garrison Access . | . . . . . . . . . . Data Cores Recovered 1 | . . . . . . . 1 . . Used . | . . . . . . . . . . Hacking Detections 15 | . 7 . . . 6 1 1 . . Full Trace Events . | . . . . . . . . . . Feedback Events . | . . . . . . . . . . Feedback Blocked . | . . . . . . . . . . Robot Schematics Acquired 1 | . 1 . . . . . . . . Robots Built . | . . . . . . . . . . Authchips . | . . . . . . . . . . Time . | . . . . . . . . . . Total Robot Build Rating . | . . . . . . . . . . Part Schematics Acquired 1 | . . . . . 1 . . . . Parts Built . | . . . . . . . . . . Authchips . | . . . . . . . . . . Time . | . . . . . . . . . . Total Part Build Rating . | . . . . . . . . . . Parts Repaired 1 | . . . . . 1 . . . . Time 25 | . . . . . 25 . . . . Parts Recycled . | . . . . . . . . . . Recycled Matter . | . . . . . . . . . . Retrieved Matter . | . . . . . . . . . . Retrieved Components 9 | . 9 . . . . . . . . Parts Scanalyzed 1 | . . . . . 1 . . . . Part Schematics Acquired 1 | . . . . . 1 . . . . Parts Damaged . | . . . . . . . . . . Bothacking | -11 -10 -10 -10 -9 -8 -8 -7 -7 -7 ------------ Run | Yrd Mat Min Exi Min Mat Gar Fac Low Low Used RIF Installer . | . . . . . . . . . . Robots Hacked 1 | . . . 1 . . . . . . Non-combat 1 | . . . 1 . . . . . . Combat . | . . . . . . . . . . Robot Hacks Applied 1 | . . . 1 . . . . . . parse_system 1 | . . . 1 . . . . . . Relay Couplers Released 13 | . . . . . . 13 . . . Machine Destruction 13 | . . . . . . 13 . . . Fabnet Peak Effective % . | . . . . . . . . . . Robots Rewired 4 | . . . . . . 4 . . . Allies Hacked . | . . . . . . . . . . Hacks Repelled . | . . . . . . . . . . Allies | -11 -10 -10 -10 -9 -8 -8 -7 -7 -7 -------- Run | Yrd Mat Min Exi Min Mat Gar Fac Low Low Total Allies 4 | . . . . . . 4 . . . Largest Group 4 | . . . . . . 4 . . . Highest-Rated Group 20 | . . . . . . 20 . . . Highest-Rated Ally 5 | . . . . . . 5 . . . Initial Warlord ECA Mod 21 | . . . . . . . 7 7 7 Total Orders . | . . . . . . . . . . Ally Attacks 14 | . . . . . . 14 . . . Total Damage 110 | . . . . . . 110 . . . Kills 1 | . . . . . . 1 . . . Allies Corrupted . | . . . . . . . . . . Allies Melted . | . . . . . . . . . . Intel | -11 -10 -10 -10 -9 -8 -8 -7 -7 -7 ------- Run | Yrd Mat Min Exi Min Mat Gar Fac Low Low Active Infowar (turns) 3967 | 205 1525 854 846 . 537 . . . . Seismic 3431 | 205 1525 854 846 . 1 . . . . T.N.C. 536 | . . . . . 536 . . . . Robot Analysis Total . | . . . . . . . . . . Derelict Logs Recovered 2 | . . . . 1 . . . 1 . Drone Launches . | . . . . . . . . . . Drone Recoveries . | . . . . . . . . . . Exploration | -11 -10 -10 -10 -9 -8 -8 -7 -7 -7 ------------- Run | Yrd Mat Min Exi Min Mat Gar Fac Low Low Turns Passed 15969 | 242 1525 854 5410 428 3038 1681 1982 496 313 Spaces Moved 4989 | 101 644 268 1162 63 1147 486 748 269 101 Core 19 | 19 . . . . . . . . . Treads 2656 | 82 644 268 1162 63 67 273 94 . 3 Legs 13 | . . . . . 13 . . . . Wheels 2301 | . . . . . 1067 213 654 269 98 Hover . | . . . . . . . . . . Flight . | . . . . . . . . . . Fastest Speed 50 | 50 160 240 160 560 190 210 145 160 145 Average Speed 275 | 139 205 240 460 560 227 273 189 160 163 Slowest Speed 1590 | 160 240 240 560 560 1590 560 570 160 330 Overloaded Moves . | . . . . . . . . . . Propulsion Burnouts . | . . . . . . . . . . Robots Hopped . | . . . . . . . . . . Potential Cave-ins 8 | . . . . . . . 8 . . Cave-ins Triggered . | . . . . . . . . . . Exploration Rate (%) 45 | 5 75 58 89 15 55 59 23 50 24 Regions Visited 9 Branch Regions 5 Pre-discovered Areas 3 | . . . 1 . 1 . . 1 . Known Exits Taken 6 | . 1 1 1 . 1 . 1 1 . Unknown Exits Taken 2 | 1 . . . 1 . . . . . Scrap Searched 2 | . . 1 . . . . . 1 . Spaces Dug 26 | . . . . . 9 . 17 . . Terrain Destroyed 249 | . . . . . 51 99 84 1 14 Melee . | . . . . . . . . . . Projectile 24 | . . . . . . . 21 1 2 AOE 225 | . . . . . 51 99 63 . 12 Terrain Rammed . | . . . . . . . . . . Walls Destroyed . | . . . . . . . . . . Machines Disabled . | . . . . . . . . . . Actions | -11 -10 -10 -10 -9 -8 -8 -7 -7 -7 --------- Run | Yrd Mat Min Exi Min Mat Gar Fac Low Low Total 6413 | 149 757 444 1228 123 1447 720 1087 298 160 Wait 520 | . 30 144 10 48 148 44 94 2 . Move 4979 | 100 643 267 1161 62 1146 484 747 268 101 Hop . | . . . . . . . . . . Pick Up 132 | 11 22 4 32 1 24 10 26 2 . Fast Attach 33 | 5 . 3 1 . 7 4 11 2 . Attach 32 | 2 . 2 . . 3 2 14 . 9 Detach 4 | . . . . . 2 . 2 . . Swap 85 | . 3 2 4 . 28 13 30 2 3 Drop 123 | 2 10 3 19 1 28 15 40 4 1 Fire 426 | 29 48 19 . 11 61 73 123 18 44 Melee 1 | . . . 1 . . . . . . Ram . | . . . . . . . . . . Kick . | . . . . . . . . . . Crush 3 | . 1 . . . . . . . 2 Escape Stasis 6 | . . . . . . 6 . . . Rewire 69 | . . . . . . 69 . . . Trap . | . . . . . . . . . . Miscellaneous . | . . . . . . . . . . Route ------- -11/Scrapyard -10/Materials (discovered 6 exits: *Mat x3 / *Min x2 / *Sub) -10/Mines (discovered 3 exits: Mat / *Exi / Sub) -10/Exiles -9/Mines -8/Materials (discovered 4 exits: *Fac x3 / Gar) -8/Garrison (discovered 3 exits: *Fac x3) -7/Factory (discovered 6 exits: Fac x2 / *Sto x2 / *Low x2) -7/Lower Caves -7/Lower Caves History --------- Turn | Location | Event 3 | -11/Scrapyard | Discovered new exit (range 15) 243 | -11/Scrapyard | Entered Materials 310 | -10/Materials | Build established: Mutant 430 | -10/Materials | Discovered new exit (range 9) 684 | -10/Materials | Discovered new exit (range 3) 860 | -10/Materials | Discovered new exit (range 16) 1227 | -10/Materials | Identified exit to Mines 1272 | -10/Materials | Learned Storage emergency access door positions 1273 | -10/Materials | Learned 2 Storage zone layouts 1274 | -10/Materials | Identified exit to Subcaves 1274 | -10/Materials | Identified exit to Materials 1274 | -10/Materials | Learned location of 1 exit from Materials 1276 | -10/Materials | Learned 2 Mines zone layouts 1549 | -10/Materials | Central database locked down 1768 | -10/Materials | Entered Mines 1770 | -10/Mines | Identified exit to Exiles 1806 | -10/Mines | Met a Derelict bent on vengeance 1901 | -10/Mines | Assembled infested the area 2544 | -10/Mines | Met a Derelict who couldn't figure out how to use a Trap Extractor 2613 | -10/Mines | Deemed a non-threat by the Exiles lab entrance 2614 | -10/Mines | Build established: Scavenger-Mutant 2622 | -10/Mines | Entered Exiles 2623 | -10/Exiles | Identified exit to Mines 2687 | -10/Exiles | Met 8R-AWN 2718 | -10/Exiles | Met EX-HEX 2793 | -10/Exiles | Met EX-BIN 2836 | -10/Exiles | Aligned with FarCom system 2838 | -10/Exiles | Given EX-Vault access code 2896 | -10/Exiles | Opened EX-Vault 2914 | -10/Exiles | Found Field Lobotomy Kit 2928 | -10/Exiles | Found XL Autogun Array 2939 | -10/Exiles | Found Chronowheel 3068 | -10/Exiles | Warned to stay clear of 0b10 Research branches 3133 | -10/Exiles | Met EX-DEC 3311 | -10/Exiles | Learned location of Zion (-7) 3761 | -10/Exiles | Build established: Hauler-Mutant 4968 | -10/Exiles | Visited The Gauntlet 8032 | -10/Exiles | Left Exiles lab with XL Autogun Array 8032 | -10/Exiles | Entered Mines 8296 | -9/Mines | Discovered new exit (range 5) 8460 | -9/Mines | Entered Materials 8460 | -8/Materials | Evolved 4 slots: Propulsion x2, Utility x1, Weapon x1 8461 | -8/Materials | Identified exit to Factory 8756 | -8/Materials | Build established: Hauler-Skirmisher 9155 | -8/Materials | Repaired Beamcaster 9286 | -8/Materials | Discovered exit to Factory (range 16) 10222 | -8/Materials | Identified exit to Garrison 10521 | -8/Materials | Learned location of 1 exit from Recycling 10549 | -8/Materials | Learned location of Recycling (-7) 10569 | -8/Materials | Learned Factory stockpile data 10579 | -8/Materials | Learned 2 Lower Caves zone layouts 10586 | -8/Materials | Learned Factory fabricator intel 10634 | -8/Materials | Learned location of 1 exit from Recycling 10673 | -8/Materials | Learned location of 2 exits from Factory 11498 | -8/Materials | Entered Garrison 11995 | -8/Garrison | Discovered exit to Factory (range 24) 11995 | -8/Garrison | Discovered exit to Factory (range 92) 11995 | -8/Garrison | Discovered exit to Factory (range 69) 12068 | -8/Garrison | Triggered checkpoint 12072 | -8/Garrison | Triggered checkpoint 12110 | -8/Garrison | Lost 4 allies 12271 | -8/Garrison | Phase Generator disabled 12333 | -8/Garrison | Garrison Relay disabled 12446 | -8/Garrison | Triggered checkpoint 12570 | -8/Garrison | Garrison Relay disabled 12782 | -8/Garrison | Attempted to access garrison exit controls, blocked by remote lockdown 12886 | -8/Garrison | Triggered checkpoint 13050 | -8/Garrison | Triggered checkpoint 13092 | -8/Garrison | Garrison Relay disabled 13179 | -8/Garrison | Entered Factory 13179 | -7/Factory | Evolved 2 slots: Power x1, Utility x1 13180 | -7/Factory | Identified exit to Storage 13180 | -7/Factory | Identified exit to Lower Caves 13181 | -7/Factory | Identified exit to Factory 13183 | -7/Factory | Loaded intel: 6 fabricator locations 14284 | -7/Factory | Garrison activated, responded to threat 14727 | -7/Factory | Build established: Skirmisher 14779 | -7/Factory | First assault squad dispatched 15161 | -7/Factory | Entered Lower Caves 15163 | -7/Lower Caves | Attracted the attention of an 0b10 checkpoint 15190 | -7/Lower Caves | Met a Warlord Commander 15191 | -7/Lower Caves | Learned location of Warlord (-5) 15192 | -7/Lower Caves | Warlord Commander delivered Encrypted Comm Array 15195 | -7/Lower Caves | Found Encrypted Comm Array 15334 | -7/Lower Caves | Identified exit to Lower Caves 15478 | -7/Lower Caves | Build established: Gunner 15657 | -7/Lower Caves | Entered another Lower Caves area 15832 | -7/Lower Caves | Attracted the attention of an 0b10 outpost 15908 | -7/Lower Caves | Core integrity fell below 50% 15924 | -7/Lower Caves | System corruption reached 10% 15964 | -7/Lower Caves | Core integrity fell below 20% 15971 | -7/Lower Caves | Core destroyed Last Messages --------------- 15959_ System corrupted: Energy discharge (-16). 15959_ Acquired 40 matter. 15960_ Overheating: Hvy. Plasma Cannon damaged (-67). 15962_ Slammed into G-47 Trooper. 15963_ Arm. Treads broken. 15963_ Overheating: Short circuit. 15963_ Acquired 54 matter. 15964_ Power failure, Enh. Nuclear Core shutdown. 15964_ Overheating: Core damaged (-98). 15964_ Crushed G-47 Trooper. 15964_ G-47 Trooper destroyed. 15965_ Overheating: Arm. Treads damaged (-96). 15965_ Overheating: Enh. Nuclear Core damaged (-1). 15965_ Overheating: Broken Plasma Cannon damaged (-28). 15965_ Acquired 63 matter. 15966_ Overheating: Energy bleed (-13). 15966_ The unstable cave ceiling collapses. 15967_ Overheating: Energy bleed (-12). 15968_ Overheating: Core damaged (-105). 15971_ Overheating: Core damaged (-133). Map ----- +----------------------------------------------------+ | ?????????????????????????????????????????????????? | | ?????????????????????????????????????????????????? | | ?????????????????????????????????????????????????? | | ?????????????????????????????????????????????????? | | ????????????????????????????????#????????????????? | | ??????????????????????????????? ###?????????????? | | ???????????????????????????????? ?????????????? | | ???????????????????????????????? ?????????????? | | ????????????????????????????????# #?????????????? | | ????????????????????????????????# #?????????????? | | ????????????????????????????????# #?????????????? | | ????????????????????????????????# #?????????????? | | ????????????????????????????????# ##?????#####??? | | ??????????????????????????????### ##???## #??? | | ??????????????????##?????????## #?### #??? | | ??????????????????# ???###### ### #??? | | ??????????????????# ??## " #### | | ??????????????????# ??# "%" | | ??????????????????# ??# " | | ??????????????????#$ ??## ###### | | ??????????????????# ##### ## ####### ##????# | | ??????????????????# ##?????? | | ??????????????????# # ######## ???????? | | ?????????????# ## ]%% #??????# ??????? | | ?????????????# %## #??????? ?????? | | ????????????#; @ ## #???# ????? | | ????????????### ### #??# ???? | | ??????????????# ## # "#????? | | ??????????????# # # "?????## | | ??????????????#### # ### ##??????## | | ?????????????????# #### ?? ???????# | | ?????????????????# ???## ?? ???????# | | ?????????????????# ????## ?? ???????? ? | | ?????????????????##??????? ?????????????? | | ?????????????????????????? ### ????????????? | | ?????????????????????????? ##?????????????????? | | ?????????????????????????? ##??????????????????? | | ?????????????????????????? ##???????????????????? | | ?????????????????????????? #????????????????????? | | ?????????????????????????? #????????????????????? | | ??????????????????????????? ?????????????????????? | | ?????????????????????????????????????????????????? | | ?????????????????????????????????????????????????? | | ?????????????????????????????????????????????????? | | ?????????????????????????????????????????????????? | | ?????????????????????????????????????????????????? | | ?????????????????????????????????????????????????? | | ?????????????????????????????????????????????????? | | ?????????????????????????????????????????????????? | | ?????????????????????????????????????????????????? | +----------------------------------------------------+ Best States ------------- Heat Dissipation 62 Energy Generation 29 Energy Capacity 500 Matter Stores 300 Matter Capacity 300 Sight Range 16 Terrain Scan Density 10 Armor Coverage 450 Evasion (%) 50 Core Analysis 6 Recoil Reduction 4 Offensive Hacking 10 Authchip Count 3 Trap Extractor Capacity 4 Item Schematics ----------------- Humpback | -8/Materials | Scanalyzed Robot Schematics ------------------ M-13 Machinist | -10/Materials | Hacked Fabricated ------------ Nothing Repaired ---------- Beamcaster | 13% | -8/Materials Alien Tech Used ----------------- None Achievements -------------- None Challenges ------------ None Game ------ Seed MomentumDispersalDriver Manual? 0 Play Time 01:26:11 Cumulative 701.8 hours Start 2025.05.03 @ 12:47:29 End 2025.05.03 @ 15:36:41 Sessions 3 Manual Loads 0 Difficulty Rogue Special Mode None Game No. 389 Rogue 384 Adventurer 5 Explorer 0 Win Type - Total 27 Types 7/1/11/1/1/0/4/1/1/0 Lore% 90 Gallery% 89 Achievement% 82 Wizard Run 0 Options --------- Layout 0 ASCII 0 Keyboard 0 Movement Mouse Keybinds 0 Fullscreen 2 Font 18/SmallcapsGlow Map View 38x25 Zoom Use 56% Tactical HUD 1 Map Filters NONE Filters NONE Steam 1 RUN: a20172a6-a225-4879-a417-dba7ff12b002